 Dungeon Crawl Stone Soup version 0.24-a0-582-g4d4af813a0 (webtiles) character file.

Game seed: 6843455187848350636

10 Argons the Grasshopper (level 2, -4/13 HPs)
             Began as a Felid Warper on Aug 26, 2019.
             Slain by a gnoll
             ... wielding a +0 flail
              (14 damage)
             ... on level 1 of the Dungeon.
             The game lasted 00:02:25 (302 turns).

Argons the Grasshopper (Felid Warper)                Turns: 302, Time: 00:02:25

Health: -4/13      AC:  1    Str:  7    XL:     2   Next: 10%
Magic:  6/6        EV: 18    Int: 14    God:
Gold:   0          SH:  0    Dex: 15    Spells: 5/5 levels left
                                        Lives:  0   Deaths: 0

rFire    . . .     SeeInvis +     - Unarmed
rCold    . . .     Gourm    .   (shield unavailable)
rNeg     . . .     Faith    .   (armour unavailable)
rPois    .         Spirit   .   (helmet unavailable)
rElec    .         Reflect  .   (cloak unavailable)
rCorr    .         Harm     .   (gloves unavailable)
MR       .....                  (boots unavailable)
Stlth    ++........             (no amulet)
HPRegen  0.04/turn              (no ring)
MPRegen  0.10/turn              (no ring)

@: quick
A: very small, no armour, no weapons or thrown items, stealth, claws 1, fangs 3,
see invisible, carnivore, speed 1, shaggy fur 1, slow metabolism 1, sharp paws
a: no special abilities


You were on level 1 of the Dungeon.
You were completely stuffed.

You visited 1 branch of the dungeon, and saw 1 of its levels.

Inventory:

Scrolls
 b - a scroll of blinking
Potions
 d - a potion of flight {unknown}
Comestibles
 a - a chunk of flesh
 c - 4 rations


   Skills:
 + Level 2.2 Fighting
 - Level 3.2 Dodging
 + Level 1.3 Stealth
 + Level 2.3 Unarmed Combat
 - Level 2.0 Spellcasting
   Level 4.4 Translocations


You had 5 spell levels left.
You didn't know any spells.
Your spell library contained the following spells:

 Spells                   Type           Power        Failure   Level  Hunger
 Blink                    Tloc           N/A          6%          2    ###....
 Gell's Gravitas          Tloc           ##........   12%         3    ####...
 Lesser Beckoning         Tloc           ##........   12%         3    ####...
 Teleport Other           Tloc           ##......     12%         3    ####...
 Shroud of Golubria       Chrm/Tloc      #.....       14%         2    ###....
 Passage of Golubria      Tloc           N/A          36%         4    #####..


Dungeon Overview and Level Annotations

Branches:
Dungeon (1/15)

Altars:


Innate Abilities, Weirdness & Mutations

You cannot wear armour.
You are incapable of wielding weapons or throwing items.
Your paws allow you to move quietly. (Stealth)
You have sharp claws.
You have razor-sharp teeth.
You have supernaturally acute eyesight. (SInv)
You are carnivorous and can eat meat at any time.
You cover ground quickly.
You are covered in fur. (AC +1)
You have a slow metabolism.
Your sharp claws are effective at attacking unaware monsters.


Message History

The gnoll is heavily wounded.
The bat misses you. The gnoll completely misses you.
You scratch the gnoll but do no damage.
The gnoll is heavily wounded.
The bat closely misses you. The gnoll barely misses you.
You scratch the gnoll.
The gnoll is severely wounded.
The bat misses you. The gnoll completely misses you.
You barely miss the gnoll.
The gnoll is severely wounded.
The bat barely misses you. The bat hits you but does no damage.
You scratch the gnoll.
The gnoll is almost dead.
The bat barely misses you. The bat hits you. The gnoll completely misses you.
The rat bites you.
You barely miss the gnoll.
The gnoll is almost dead.
The bat closely misses you. The gnoll hits you with a +0 flail!
Ouch! That really hurt!
You die...

#.........# #####
##.......†.####### #....
###+#................#######....
+...............................
.##..............................
.........#............#..........
......####...####............#...
......# #.....##g..#.##.#...####
...!............@................
...............rb.........#######
..........................#
..........................#
#.........................#
#.........................#
..........##..............#
.............#.# # ...#...##.#.#
#


You could see a gnoll, a bat and a rat.

Vanquished Creatures
  A dart slug (D:1)
  4 jackals (D:1)
  3 rats (D:1)
8 creatures vanquished.

Notes
Turn   | Place    | Note
-------+----------+-------------------------------------------
     0 | D:1      | Argons the Felid Warper began the quest for the Orb.
     0 | D:1      | Reached XP level 1. HP: 9/9 MP: 4/4
   183 | D:1      | Reached skill level 1 in Stealth
   190 | D:1      | Reached XP level 2. HP: 12/13 MP: 6/6
   302 | D:1      | Slain by a gnoll

Levels and vault maps discovered:
D:1:      dpeg_arrival_boxes_within_box, layout_basic, kennysheep_pointless_box,
          minmay_tromino_mix6

Skill      XL: |  1 |
---------------+----+-----
Stealth        | 1 |  1.3
Fighting       | |  2.2
Dodging        | |  3.2
Unarmed Combat | |  2.3
Spellcasting   | |  2.0
Translocations | |  4.4

Action                   || total
-------------------------++-------
Melee: Unarmed           ||    49
       Bite              ||     3
  Eat: Chunk             ||     6
Armor: Skin              ||     2
Dodge: Dodged            ||    70

Table legend:
 A = Non-vault XP
 B = Vault XP
 C = Vault XP percentage of total XP
 D = Non-vault monster count
 E = Vault monster count
 F = Vault count percentage of total count
                 A         B        C        D         E       F
            +---------+---------+-------+---------+---------+-------
      Total |      15 |       0 |   0.0 |       8 |       0 |   0.0
            +---------+---------+-------+---------+---------+-------
        D:1 |      15 |       0 |   0.0 |       8 |       0 |   0.0
            +---------+---------+-------+---------+---------+-------
